 Dungeon Crawl Stone Soup version 0.21.1-1-g345015fe64 (webtiles) character file.

36 Ivernyr the Charmwright (level 3, 0/27 HPs)
             Began as a Human Skald on May 14, 2018.
             Slain by a wight
             ... wielding a +0 falchion
              (1 damage)
             ... on level 2 of the Dungeon.
             The game lasted 00:03:40 (1221 turns).

Ivernyr the Charmwright (Human Skald)               Turns: 1221, Time: 00:03:41

Health: 0/27       AC:  3    Str: 11    XL:     3   Next: 57%
Magic:  5/6        EV: 11    Int: 13    God:
Gold:   4          SH:  0    Dex: 13    Spells: 1/6 levels left

rFire    . . .     SeeInvis .   a - +0 spear
rCold    . . .     Gourm    .   (no shield)
rNeg     . . .     Faith    .   b - +0 leather armour
rPois    .         Spirit   .   (no helmet)
rElec    .         Reflect  .   (no cloak)
rCorr    .         Harm     .   (no gloves)
MR       .....                  (no boots)
Stlth    +.........             (no amulet)
HPRegen  0.09/turn              (no ring)
MPRegen  0.10/turn              (no ring)

@: heavily drained
A: no striking features
a: no special abilities


You were on level 2 of the Dungeon.
You were not hungry.

You visited 1 branch of the dungeon, and saw 2 of its levels.

You collected 4 gold pieces.

Inventory:

Hand Weapons
 a - a +0 spear (weapon)
Armour
 b - a +0 leather armour (worn)
Scrolls
 g - a scroll of enchant weapon {unknown}
 h - a scroll of identify {unknown}
 i - a scroll of remove curse {unknown}
 m - a scroll of fear {unknown}
 n - a scroll of teleportation {unknown}
Potions
 e - a potion of mutation {unknown}
 f - a potion of cancellation {unknown}
 j - a potion of berserk rage {unknown}
 k - a potion of brilliance {unknown}
 l - a potion of flight {unknown}
 o - a potion of curing {unknown}
Books
 c - a book of Battle

   Spells                             Type                      Level
   a - Infusion                       Charms                       1
   b - Shroud of Golubria             Charms/Translocation         2
   c - Song of Slaying                Charms                       2
   d - Spectral Weapon                Hexes/Charms                 3
   e - Regeneration                   Charms/Necromancy            3
Comestibles
 d - 2 rations


   Skills:
 - Level 2.0(0.6) Fighting
 + Level 2.4(1.1) Polearms
 * Level 2.3(1.0) Armour
 - Level 2.0(0.6) Dodging
 - Level 2.0(0.6) Spellcasting
 + Level 3.3(1.9) Charms


You had one spell level left.
You knew the following spells:

 Your Spells              Type           Power        Failure   Level  Hunger
a - Shroud of Golubria    Chrm/Tloc      #.........   36%         2    ###....
b - Song of Slaying       Chrm           #.......     26%         2    ###....
c - Infusion              Chrm           #...         17%         1    ##.....


Dungeon Overview and Level Annotations

Branches:
Dungeon (2/15)

Altars:
Kikubaaqudgha


Message History

The wight hits you with a falchion.
You feel drained.
You hit the wight but do no damage.
The wight is moderately damaged.
The wight barely misses you.
You hit the wight but do no damage.
The wight is moderately damaged.
The wight barely misses you.
You hit the wight but do no damage.
The wight is moderately damaged.
The wight barely misses you.
You closely miss the wight.
The wight is moderately damaged.
The wight hits you with a falchion!
You feel drained.
* * * LOW HITPOINT WARNING * * *
You completely miss the wight.
The wight is moderately damaged.
The wight hits you with a falchion!
* * * LOW HITPOINT WARNING * * *
You feel drained.
You die...

....#z#######.....#.###.#.#
#####.............#.#
########z.#.#.#.#
#.<......###..
#.#<...[.......
##.#.#..######..
#.............
##..############
#.....z@........
##.############# #.#<#
#...# #.### ###


You could see a wight.

Vanquished Creatures
  An adder (D:2)
  A dart slug (D:1)
  A leopard gecko (D:1)
  4 goblins (D:1)
  4 hobgoblins (D:1)
  2 jackals (D:1)
  3 bats
  4 frilled lizards (D:1)
  2 kobolds (D:1)
  A rat (D:1)
23 creatures vanquished.

Notes
Turn   | Place    | Note
-------+----------+-------------------------------------------
     0 | D:1      | Ivernyr the Human Skald began the quest for the Orb.
     0 | D:1      | Reached XP level 1. HP: 16/16 MP: 3/3
   138 | D:1      | Reached XP level 2. HP: 22/22 MP: 5/5
   310 | D:1      | Learned a level 2 spell: Song of Slaying
   313 | D:1      | Learned a level 2 spell: Shroud of Golubria
   575 | D:1      | Reached XP level 3. HP: 27/27 MP: 6/6
  1059 | D:2      | Found an ancient bone altar of Kikubaaqudgha.
  1127 | D:2      | Noticed a wight
  1127 | D:2      | Noticed a wight
  1127 | D:2      | Noticed a wight
  1221 | D:2      | HP: 1/27 [wight/falchion (7)]
  1221 | D:2      | Slain by a wight

Skill      XL: |  1  2 |
---------------+-------+-----
Armour         | 2 |  2.3
Fighting       | |  2.0
Polearms       | |  2.4
Dodging        | |  2.0
Spellcasting   | |  2.0
Charms         | |  3.3

Action                   || total
-------------------------++-------
Melee: Spear             ||   120
 Cast: Shroud of Golubri ||     3
 Stab: Sleeping          ||     1
  Eat: Chunk             ||     1
Armor: Leather armour    ||    15
Dodge: Dodged            ||    59
